 Dungeon Sprint DCSS version 0.16.1-28-gcc2312f (webtiles) character file.

7587 Kidiri the Basher (level 10, 0/118 HPs)
             Began as a Troll Berserker on May 28, 2015.
             Was an Elder of Trog.
             Slain by an eight-headed hydra (4 damage)
             ... called by a spriggan druid
             ... in the Dungeon (Sprint VII: "The Pits").
             The game lasted 00:21:24 (1588 turns).

Kidiri the Basher (Troll Berserker)                 Turns: 1588, Time: 00:21:24

Health: 0/118      AC: 14    Str: 33      XL:     10   Next: 97%
Magic:  10/10      EV: 13    Int:  2 (3)  God:    Trog [****..]
Gold:   53         SH:  0    Dex:  9      Spells: 0 memorised, 9 levels left

rFire  . . .     SeeInvis .     B - +10 giant club of the Land of Plenty {drain, Str+3}
rCold  . . .     Clarity  .     j - +1 robe {MR+}
rNeg   . . .     SustAb   .     (shield restricted)
rPois  .         Gourm    +     (helmet restricted)
rElec  .         Spirit   .     q - +0 cloak
rCorr  .         Warding  .     (gloves unavailable)
rMut   .         NoTele   +     (boots unavailable)
MR     ++...                    (no amulet)
Stlth  +.........               u - +3 ring of protection
                                s - +3 ring of protection

@: exhausted, very slightly contaminated, slowed, invisible, very slow, very
resistant to hostile enchantments, very unstealthy
A: unfitting armour, claws 3, fast metabolism 3, gourmand, magic resistance 1,
regeneration 2, shaggy fur 1, tough skin 2
a: Burn Spellbooks, Berserk, Trog's Hand, Brothers in Arms, Renounce Religion


You were in the Dungeon.
You worshipped Trog.
Trog was greatly pleased with you.
You were not hungry.

You visited 1 branch You collected 53 gold pieces.

Inventory:

Hand weapons
 a - a +2 hunting sling of freezing
 A - the +3 dire flail of Trog's Esteem {freeze, +Rage +Inv rN+ Str-4}
   (Trog gifted it to you in the Dungeon)

   It has been specially enchanted to freeze those struck by it, causing extra
   injury to most foes and up to half again as much damage against particularly
   susceptible opponents.
   It can also slow down cold-blooded creatures.
   It affects your strength (-4).
   It protects you from negative energy.
   It lets you turn invisible.
   It lets you go berserk.
 B - the +10 giant club of the Land of Plenty (weapon) {drain, Str+3}
   (Trog gifted it to you in the Dungeon)

   A truly terrible weapon, it drains the life of those it strikes.
   It affects your strength (+3).
 D - the +6 great mace of Trog's Reproof {flame, rN+ Dex+4}
   (Trog gifted it to you in the Dungeon)

   It has been specially enchanted to burn those struck by it, causing extra
   injury to most foes and up to half again as much damage against particularly
   susceptible opponents.
   It affects your dexterity (+4).
   It protects you from negative energy.
Missiles
 y - 2 tomahawks of returning (quivered)
Armour
 j - a +1 robe of magic resistance (worn)
 q - a +0 cloak (worn)
Jewellery
 s - a +3 ring of protection (left claw)
 u - a +3 ring of protection (right claw)
 L - an uncursed ring of protection from magic
 M - an uncursed ring of fire
Scrolls
 n - 3 scrolls of remove curse
 o - a scroll of summoning
 F - 3 scrolls of fear
 G - a scroll of recharging
 H - 2 scrolls of fog
 I - 3 scrolls of identify
 J - a scroll of blinking
Potions
 d - 8 potions of curing
 e - 5 potions of heal wounds
 f - 5 potions of haste
 g - 4 potions of magic
 h - 3 potions of berserk rage
 m - a potion of invisibility
 t - 4 potions of cure mutation
 v - 3 potions of agility
 E - a potion of lignification {unknown}
 K - a potion of brilliance
Comestibles
 c - 9 meat rations
 k - 40 fruits
 l - 4 bread rations


   Skills:
 * Level 12.9 Fighting
 * Level 13.8 Maces & Flails
 + Level 9.3 Armour
 + Level 9.5 Dodging
 + Level 3.7 Evocations


You had 9 spell levels left.
You didn't know any spells.

Dungeon Overview and Level Annotations

Branches:
Dungeon (1/1)

Altars:
Ashenzari
Cheibriados
Dithmenos
Elyvilon
Fedhas
Kikubaaqudgha
Makhleb
Nemelex Xobeh
Okawaru
Ru
Sif Muna
Trog
Vehumet
Xom
Yredelemnul
Zin
The Shining One
Beogh
Jiyva
Lugonu

Annotations:
D Rupert


Innate Abilities, Weirdness & Mutations

You are too large for most types of armour.
You have claws for hands.
Your metabolism is lightning-fast.
You like to eat raw meat.
You heal very quickly.
You are covered in fur (AC +1).
You have very tough skin (AC +2).
You are resistant to hostile enchantments.


Message History

* * * LOW HITPOINT WARNING * * *
The eight-headed hydra bites you.
* * * LOW HITPOINT WARNING * * *
The eight-headed hydra bites you.
* * * LOW HITPOINT WARNING * * *
The eight-headed hydra barely misses you.
Drink which item? (? for menu, Esc to quit)
You fade into invisibility!
The eight-headed hydra closely misses you.
The eight-headed hydra bites you.
* * * LOW HITPOINT WARNING * * *
The eight-headed hydra barely misses you.
The eight-headed hydra bites you.
* * * LOW HITPOINT WARNING * * *
The eight-headed hydra closely misses you.
The eight-headed hydra bites you!
* * * LOW HITPOINT WARNING * * *
The eight-headed hydra bites you but does no damage.
The eight-headed hydra bites you.
You die...

#__________##.....
#__________#######
#.#####'##########
#)))'.'..##.....
#.))#.#?(##.....
#######'#####.....
#.4..4i.E...'.....
#D#####)#####.....
#@#...#.#[[##.....
#.#...#.#.)#####'#
#.#...'.#))##.....
#.##'####))##.....
#.#..)..#..##.....
#.#.....#'###...<.
#.#........##.....
#)#........##.....
#.###########...).


You could see an eight-headed hydra and a red devil.

Vanquished Creatures
  Erolcha (D)
  An elephant (D)
  A redback (D)
  2 water elementals (D)
  A deep elf fighter (D)
  3 wolves (D)
  A water moccasin (shapeshifter) (D)
  A water moccasin (D)
  An ice beast (D)
  An eye of draining (D)
  A brain worm (D)
  A phantom (D)
  A giant frog (D)
  2 killer bees (D)
  2 jellies (D)
  A hell rat (D)
  Crazy Yiuf (D)
  An orc priest (D)
  2 iron imps (D)
  A worker ant (D)
  An adder (D)
  A gnoll (D)
  An ooze (D)
  3 orcs (D)
  A bat (D)
  A bat skeleton (D)
  A hobgoblin (D)
  A giant newt (D)
  A kobold (D)
  A rat (D)
38 creatures vanquished.

Vanquished Creatures (collateral kills)
  An apis (D)
  A vampire knight (D)
  A death yak (D)
  A sea snake (D)
  A deep elf summoner (D)
  2 orc knights (D)
  An orc sorcerer (D)
  A phantasmal warrior (D)
  A gargoyle (D)
  A large abomination (D)
  A guardian mummy (D)
  A blue devil (D)
  A snapping turtle (D)
  2 ravens (D)
  2 shadows (D)
  A boulder beetle (D)
  2 redbacks (D)
  A wyvern (D)
  Grum (D)
  A hungry ghost (D)
  5 wolves (D)
  A necrophage (D)
  An ogre (D)
  3 orc warriors (D)
  A black bear (D)
  A centaur (D)
  An earth elemental (D)
  A brain worm (D)
  4 killer bees (D)
  An iguana (D)
  2 orc priests (D)
  An orc wizard (D)
  3 hell rats (D)
  A worm (D)
  4 orcs (D)
  2 ball pythons (D)
56 creatures vanquished.

Vanquished Creatures (others)
  An iron troll (D)
  2 trolls (D)
  3 ogres (D)
  An orc wizard (D)
7 creatures vanquished.

Grand Total: 101 creatures vanquished

Notes
Turn   | Place    | Note
--------------------------------------------------------------
     0 | D        | Kidiri, the Troll Berserker, began the quest for the Orb.
     0 | D        | Reached XP level 1. HP: 22/22 MP: 1/1
    18 | D        | Reached skill level 3 in Fighting
    18 | D        | Reached XP level 2. HP: 9/31 MP: 1/1
    98 | D        | Found a sacrificial altar of Ru.
    98 | D        | Found a basalt altar of Yredelemnul.
    98 | D        | Found a shadowy altar of Dithmenos.
    98 | D        | Found a deep blue altar of Sif Muna.
    98 | D        | Found a burning altar of Makhleb.
    98 | D        | Found a shimmering altar of Xom.
    98 | D        | Found an ancient bone altar of Kikubaaqudgha.
    98 | D        | Found a sparkling altar of Nemelex Xobeh.
    99 | D        | Found a glowing golden altar of the Shining One.
    99 | D        | Found a bloodstained altar of Trog.
    99 | D        | Found a shattered altar of Ashenzari.
    99 | D        | Found a white marble altar of Elyvilon.
    99 | D        | Found a snail-covered altar of Cheibriados.
    99 | D        | Found a blossoming altar of Fedhas.
    99 | D        | Found a radiant altar of Vehumet.
    99 | D        | Found a glowing silver altar of Zin.
    99 | D        | Found a corrupted altar of Lugonu.
    99 | D        | Found a viscous altar of Jiyva.
    99 | D        | Found a roughly hewn altar of Beogh.
    99 | D        | Found an iron altar of Okawaru.
   118 | D        | Acquired Trog's second power
   126 | D        | Noticed a brain worm
   135 | D        | Reached skill level 4 in Maces & Flails
   139 | D        | Killed a brain worm
   139 | D        | Reached skill level 5 in Maces & Flails
   139 | D        | Reached XP level 3. HP: 41/41 MP: 2/2
   139 | D        | Reached XP level 4. HP: 49/49 MP: 2/2
   180 | D        | Noticed Crazy Yiuf
   191 | D        | Killed Crazy Yiuf
   191 | D        | Reached skill level 5 in Fighting
   283 | D        | Noticed an iron imp
   286 | D        | Noticed a worker ant
   287 | D        | Noticed a water moccasin
   290 | D        | Killed a water moccasin
   290 | D        | Reached skill level 6 in Fighting
   290 | D        | Reached XP level 5. HP: 56/59 MP: 2/2
   291 | D        | Acquired Trog's third power
   295 | D        | Killed a worker ant
   295 | D        | Reached skill level 7 in Maces & Flails
   299 | D        | Killed an iron imp
   299 | D        | Reached XP level 6. HP: 41/68 MP: 3/3
   329 | D        | Noticed a jelly
   335 | D        | Killed a jelly
   338 | D        | Noticed a giant frog
   346 | D        | Killed a giant frog
   346 | D        | Reached skill level 5 in Dodging
   356 | D        | Noticed an ice beast
   362 | D        | Killed an ice beast
   362 | D        | Reached skill level 8 in Maces & Flails
   362 | D        | Reached skill level 5 in Armour
   369 | D        | Noticed a black bear
   369 | D        | Noticed an orc wizard
   369 | D        | Noticed an orc wizard
   375 | D        | Killed an orc wizard
   381 | D        | Killed an orc wizard
   381 | D        | Reached XP level 7. HP: 52/79 MP: 3/3
   388 | D        | Killed a black bear
   390 | D        | Noticed a brain worm
   390 | D        | Noticed a deep elf fighter
   391 | D        | Noticed a death yak
   406 | D        | Killed a death yak
   406 | D        | Reached skill level 9 in Maces & Flails
   407 | D        | Killed a brain worm
   438 | D        | Killed a deep elf fighter
   438 | D        | Reached XP level 8. HP: 54/92 MP: 3/3
   518 | D        | Received a gift from Trog
   596 | D        | Noticed Grum
   596 | D        | Noticed a wolf
   596 | D        | Noticed a wolf
   596 | D        | Noticed a wolf
   596 | D        | Noticed a wolf
   596 | D        | Noticed a raven
   598 | D        | Killed a wolf
   598 | D        | Reached skill level 10 in Maces & Flails
   599 | D        | Killed a raven
   600 | D        | Killed a wolf
   601 | D        | Killed a wolf
   603 | D        | Killed Grum
   604 | D        | Killed a wolf
   606 | D        | Received a gift from Trog
   621 | D        | Noticed a wolf
   621 | D        | Noticed a wolf
   621 | D        | Noticed a wolf
   621 | D        | Noticed a snapping turtle
   621 | D        | Noticed an orc sorcerer
   622 | D        | Killed a wolf
   622 | D        | Reached skill level 10 in Fighting
   622 | D        | Killed a wolf
   622 | D        | Killed a wolf
   622 | D        | Received a gift from Trog
   625 | D        | Killed a snapping turtle
   625 | D        | Reached skill level 11 in Maces & Flails
   626 | D        | Killed an orc sorcerer
   626 | D        | Received a gift from Trog
   626 | D        | Reached XP level 9. HP: 68/102 MP: 1/4
   784 | D        | Noticed a centaur
   784 | D        | Noticed a sea snake
   784 | D        | Noticed an orc knight
   784 | D        | Noticed an ogre
   784 | D        | Noticed an orc warrior
   789 | D        | Killed a sea snake
   791 | D        | Killed a centaur
   791 | D        | Killed an orc warrior
   793 | D        | Killed an ogre
   793 | D        | Received a gift from Trog
   798 | D        | Killed an orc knight
   872 | D        | Noticed an orc priest
   872 | D        | Noticed an orc priest
   872 | D        | Noticed an orc priest
   872 | D        | Noticed an earth elemental
   875 | D        | Killed an orc priest
   875 | D        | Received a gift from Trog
   876 | D        | Got a slimy dire flail {god gift}
   876 | D        | Killed an orc priest
   877 | D        | Identified the +3 dire flail of Trog's Esteem {freeze, +Rage +Inv rN+ Str-4} (Trog gifted it to you in the Dungeon)
   879 | D        | Noticed an elephant
   881 | D        | Killed an earth elemental
   883 | D        | Noticed a phantom
   886 | D        | Killed an orc priest
   889 | D        | Killed an elephant
   889 | D        | Reached skill level 12 in Maces & Flails
   891 | D        | Noticed a vampire knight
   891 | D        | Noticed a gargoyle
   897 | D        | Killed a phantom
   898 | D        | Noticed a shadow
   898 | D        | Killed a vampire knight
   901 | D        | Killed a shadow
   903 | D        | Killed a gargoyle
   903 | D        | Reached XP level 10. HP: 87/115 MP: 2/4
   916 | D        | Noticed a raven
   917 | D        | Noticed a guardian mummy
   924 | D        | Noticed a water elemental
   925 | D        | Killed a raven
   926 | D        | Killed a guardian mummy
   934 | D        | Noticed an eye of draining
   936 | D        | Noticed an iguana
   936 | D        | Noticed a blue devil
   936 | D        | Noticed an iron imp
   936 | D        | Noticed a jelly
   938 | D        | Killed a jelly
   938 | D        | Received a gift from Trog
   939 | D        | Killed a blue devil
   940 | D        | Killed an iron imp
   941 | D        | Killed an eye of draining
   942 | D        | Killed an iguana
  1057 | D        | Killed a water elemental
  1076 | D        | Noticed a deep elf summoner
  1076 | D        | Noticed a necrophage
  1076 | D        | Noticed a killer bee
  1076 | D        | Noticed a wolf
  1076 | D        | Noticed a hungry ghost
  1076 | D        | Noticed a soldier ant
  1077 | D        | Noticed a killer bee
  1077 | D        | Killed a wolf
  1077 | D        | Reached skill level 1 in Evocations
  1078 | D        | Noticed a killer bee
  1078 | D        | Noticed a killer bee
  1078 | D        | Noticed a killer bee
  1079 | D        | Noticed a killer bee
  1079 | D        | Noticed a wyvern
  1080 | D        | Noticed a phantasmal warrior
  1080 | D        | Noticed a redback
  1082 | D        | Killed a killer bee
  1087 | D        | Noticed a redback
  1087 | D        | Killed a hungry ghost
  1087 | D        | Reached skill level 13 in Maces & Flails
  1089 | D        | a soldier ant changed into a water moccasin
  1089 | D        | Killed a killer bee
  1091 | D        | Killed a necrophage
  1094 | D        | Killed a killer bee
  1094 | D        | Received a gift from Trog
  1095 | D        | Killed a killer bee
  1096 | D        | Killed a wyvern
  1101 | D        | Killed a killer bee
  1107 | D        | Killed a redback
  1110 | D        | Killed a killer bee
  1110 | D        | Received a gift from Trog
  1111 | D        | Killed a redback
  1123 | D        | HP: 5/115 [poisoned by a redback]
  1132 | D        | Killed a phantasmal warrior
  1136 | D        | Killed a deep elf summoner
  1175 | D        | Received a gift from Trog
  1192 | D        | Gained mutation: You are resistant to hostile enchantments. [mutagenic meat]
  1200 | D        | Got a steaming giant club {god gift}
  1202 | D        | Identified the +10 giant club of the Land of Plenty {drain, Str+3} (Trog gifted it to you in the Dungeon)
  1206 | D        | Got a translucent great mace {god gift}
  1207 | D        | Identified the +6 great mace of Trog's Reproof {flame, rN+ Dex+4} (Trog gifted it to you in the Dungeon)
  1262 | D        | Noticed Erolcha
  1263 | D        | Noticed a shadow
  1268 | D        | Killed Erolcha
  1269 | D        | Killed a shadow
  1539 | D        | Noticed a boulder beetle
  1539 | D        | Noticed a water elemental
  1539 | D        | Noticed a wasp
  1539 | D        | Noticed an apis
  1539 | D        | Noticed an orc warrior
  1539 | D        | Noticed a death cob
  1539 | D        | Noticed Rupert
  1539 | D        | Noticed a catoblepas
  1540 | D        | Noticed an orc knight
  1542 | D        | Noticed an orc warrior
  1543 | D        | Killed a water elemental
  1544 | D        | Received a gift from Trog
  1544 | D        | Killed an orc warrior
  1546 | D        | Noticed a large abomination
  1546 | D        | Killed an apis
  1547 | D        | Killed a large abomination
  1549 | D        | Noticed a spriggan druid
  1549 | D        | Killed an orc knight
  1550 | D        | Noticed a water elemental
  1554 | D        | Noticed a red devil
  1554 | D        | Noticed a black mamba
  1555 | D        | Noticed a wraith
  1556 | D        | Noticed a six-headed hydra
  1560 | D        | Killed a boulder beetle
  1562 | D        | HP: 8/177 [six-headed hydra[a spriggan druid] (5)]
  1566 | D        | Killed an orc warrior
  1566 | D        | Received a gift from Trog
  1568 | D        | Noticed a merfolk aquamancer
  1588 | D        | HP: 4/118 [eight-headed hydra[a spriggan druid] (11)]
  1588 | D        | Slain by an eight-headed hydra

Action                   |  1- 3 |  4- 6 |  7- 9 | 10-12 || total
-------------------------+-------+-------+-------+-------++-------
Melee: Mace              |    28 |    50 |     3 |       ||    81
       Morningstar       |       |       |     8 |       ||     8
       Giant spiked club |       |       |    10 |       ||    10
       Dire flail        |       |       |    14 |    31 ||    45
       Giant club        |       |       |       |    11 ||    11
Invok: Berserk           |     1 |     1 |     1 |     1 ||     4
       Brothers in Arms  |       |     1 |     4 |    10 ||    15
       Burn Spellbooks   |       |       |       |     2 ||     2
  Use: Potion            |       |       |     1 |     8 ||     9
       Scroll            |       |       |       |     2 ||     2
 Stab: Distracted        |       |       |       |     1 ||     1
  Eat: Bread ration      |       |     1 |     1 |     2 ||     4
       Chunk             |       |       |       |     3 ||     3
